 Dungeon Crawl Stone Soup version 0.19-a0-1587-gaef70b6 (webtiles) character file.

23 jacquesderrida the Skirmisher (level 2, -2/17 HPs)
             Began as a Vine Stalker Wanderer on Sept 16, 2016.
             Slain by Ijyb
             ... wielding a +0 club
              (4 damage)
             ... on level 3 of the Dungeon.
             The game lasted 00:01:53 (367 turns).

jacquesderrida the Skirmisher (VSWn)                 Turns: 367, Time: 00:01:54

Health: -2/17      AC:  8    Str: 17    XL:     2   Next: 95%
Magic:  0/3        EV:  9    Int: 10    God:
Gold:   61         SH:  0    Dex: 12    Spells: 0 memorised, 1 level left

rFire  . . .     SeeInvis .     k - +1 whip (elec)
rCold  . . .     Gourm    .     a - +2 scale mail
rNeg   + . .     Faith    .     (no shield)
rPois  .         Spirit   +     (no helmet)
rElec  .         Dismiss  .     (no cloak)
rCorr  .         Reflect  .     (no gloves)
MR     .....     Harm     .     (no boots)
Stlth  +.........               (no amulet)
                                (no ring)
                                i - ring of positive energy

@: no status effects
A: fangs 2, magic shield, antimagic bite, no device heal 3, rot immunity
a: no special abilities


You were on level 3 of the Dungeon.
You were not hungry.

You visited 1 branch of the dungeon, and saw 3 of its levels.

You collected 61 gold pieces.

Inventory:

Hand Weapons
 d - a +0 club
 e - a +0 dagger
 k - a +1 whip of electrocution (weapon)
Armour
 a - a +2 scale mail (worn)
Jewellery
 i - a ring of positive energy (left hand)
Scrolls
 b - a scroll of teleportation
 g - a scroll of remove curse {unknown}
 h - a scroll of random uselessness {unknown}
 j - a scroll of magic mapping {unknown}
 m - a scroll of enchant weapon {unknown}
 n - a scroll of recharging {unknown}
Potions
 c - a potion of curing
 l - a potion of cure mutation {unknown}
Comestibles
 f - 2 bread rations


   Skills:
 - Level 4.2 Fighting
 + Level 1.0 Maces & Flails
 - Level 1.5 Armour
 - Level 1.0 Dodging
 - Level 2.4 Stealth
 - Level 1.0 Unarmed Combat


You had one spell level left.
You didn't know any spells.

Dungeon Overview and Level Annotations

Branches:
Dungeon (3/15)

Altars:

Annotations:
D:3 Ijyb


Innate Abilities, Weirdness & Mutations

You have extremely sharp teeth.
When hurt, damage is shared between your health and your magic reserves.
Your bite disrupts and absorbs the magic of your enemies.
Potions and wands cannot restore your health.
You are immune to rotting.


Message History

Ijyb is almost dead.
Ijyb hits you but does no damage.
You hit Ijyb but do no damage. You bite Ijyb, but do no damage.
Ijyb is almost dead.
Ijyb closely misses you.
An adder comes into view.
You hit Ijyb but do no damage.
Ijyb is almost dead.
Ijyb hits you but does no damage.
You barely miss Ijyb. Your bite misses Ijyb.
Ijyb is almost dead.
Ijyb hits you with a club.
* * * LOW HITPOINT WARNING * * *
You hit Ijyb but do no damage. You bite Ijyb, but do no damage.
Ijyb is almost dead.
Ijyb completely misses you.
You hit Ijyb but do no damage.
Ijyb is almost dead.
Ijyb hits you with a club.
You die...

.........####.......#
....................#
.....g..............#
......ol............#
.......#####........#
....... #........#
...l... #S.....<.#
....... #g########
+###### #@# #...#
###.# .# #


You could see Ijyb and an adder.

Vanquished Creatures
  A dart slug (D:1)
  3 orcs (D:3)
  A bat (D:1)
  A goblin (D:1)
  A hobgoblin (D:1)
  3 jackals (D:1)
  3 frilled lizards
  A kobold (D:1)
  4 rats
18 creatures vanquished.

Notes
Turn   | Place    | Note
-------+----------+-------------------------------------------
     0 | D:1      | jacquesderrida the Vine Stalker Wanderer began the quest for the Orb.
     0 | D:1      | jacquesderrida set off with: a +2 scale mail, a scroll of teleportation, a potion of curing, a +0 club, a +0 dagger, a bread ration
     0 | D:1      | Reached XP level 1. HP: 12/12 MP: 2/2
    48 | D:1      | Reached skill level 4 in Fighting
    48 | D:1      | Reached XP level 2. HP: 17/17 MP: 3/3
   333 | D:3      | Noticed Ijyb
   352 | D:3      | Reached skill level 1 in Maces & Flails
   367 | D:3      | Slain by Ijyb

Vault maps used:
D:1:      dpeg_arrival_houses_and_road, minmay_ruptured
D:2:      dancing_weapons_uskayaw, nicolae_overflow_hidden_temple,
          kennysheep_generic_room_6, uniq_robin
D:3:      nicolae_overflow_crystal_walls, corexii_item_surrounded_by_moat,
          uniq_iyjb

Skill      XL: |  1  2 |
---------------+-------+-----
Fighting       | 4 |  4.2
Maces & Flails | 1 |  1.0
Armour         | |  1.5
Dodging        | |  1.0
Stealth        | |  2.4
Unarmed Combat | |  1.0

Action                   || total
-------------------------++-------
Melee: Dagger            ||    34
       Bite              ||    18
       Whip              ||    24
Armor: Scale mail        ||    16
Dodge: Dodged            ||    24
